 Dungeon Crawl Stone Soup version 0.25.0-1-g7eea58d (webtiles) character file.

Game seed: 7099375280967449901

19564 Arex the Cleaver (level 12, -1/110 HPs)
             Began as a Hill Orc Fighter on June 14, 2020.
             Was an Elder of Nemelex Xobeh.
             Slain by an entropy weaver (10 damage)
             ... on level 4 of the Lair of Beasts.
             The game lasted 00:28:54 (14287 turns).

Arex the Cleaver (Hill Orc Fighter)                Turns: 14287, Time: 00:28:55

Health: -1/110     AC: -11   Str: 30    XL:     12   Next: 70%
Magic:  0/20       EV:  8    Int: 11    God:    Nemelex Xobeh [****..]
Gold:   856        SH: 13    Dex: 10    Spells: 11/11 levels left

rFire    . . .     SeeInvis .   E - +2 broad axe (venom)
rCold    . . .     Gourm    .   c - +0 kite shield
rNeg     . . .     Faith    .   n - +0 plate armour
rPois    +         Spirit   +   v - +1 hat {Int+3}
rElec    .         Reflect  .   G - +2 cloak
rCorr    .         Harm     .   (no gloves)
MR       .....                  g - +0 pair of boots
Stlth    ..........             h - amulet of guardian spirit
HPRegen  0.28/turn              e - ring of poison resistance
MPRegen  0.17/turn              y - +6 ring of strength

@: corroded
A: no striking features
a: Draw Escape, Draw Destruction, Draw Summoning, Triple Draw, Deal Four,
Renounce Religion


You were on level 4 of the Lair of Beasts.
You worshipped Nemelex Xobeh.
Nemelex Xobeh was greatly pleased with you.
You were hungry.

You visited 2 branches of the dungeon, and saw 13 of its levels.

You collected 856 gold pieces.

Inventory:

Hand Weapons
 a - a +0 war axe
 E - a +2 broad axe of venom (weapon)
 F - a +0 war axe
Armour
 c - a +0 kite shield (worn)
 g - a +0 pair of boots (worn)
 n - a +0 plate armour (worn)
 v - a +1 hat of intelligence (worn)
 G - a +2 cloak (worn)
Jewellery
 e - a ring of poison resistance (left hand)
 h - an amulet of guardian spirit (around neck)
 y - a +6 ring of strength (right hand)
Wands
 m - a wand of paralysis (6)
 t - a wand of acid (21)
 C - a wand of flame (1)
 H - a wand of polymorph (4)
 K - a wand of disintegration (8)
 L - a wand of clouds (5)
Scrolls
 i - 9 scrolls of remove curse
 j - 5 scrolls of teleportation
 k - 3 scrolls of amnesia
 r - 3 scrolls of immolation
 z - a scroll of magic mapping
 D - 2 scrolls of enchant armour
Potions
 b - 2 potions of curing
 d - 2 potions of might
 l - a potion of brilliance
 o - 2 potions of heal wounds
 p - a potion of degeneration
 q - 2 potions of magic
 s - a potion of lignification
 u - 5 potions of mutation
 w - 2 potions of resistance
 x - 2 potions of ambrosia
 A - 3 potions of stabbing
 B - a potion of haste
 I - a potion of flight {unknown}
Comestibles
 f - 13 rations


   Skills:
 + Level 11.4 Fighting
 + Level 11.9 Axes
 + Level 10.5 Armour
 + Level 3.5 Dodging
 + Level 10.5 Shields
 + Level 10.7 Invocations
 - Level 2.7 Evocations


You had 11 spell levels left.
You didn't know any spells.
Your spell library contained the following spells:

 Spells                   Type           Power        Failure   Level  Hunger
 Animate Skeleton         Necr           N/A          99%         1    ##.....
 Apportation              Tloc           #.....       99%         1    ##.....
 Corona                   Hex            #......      99%         1    ##.....
 Freeze                   Ice            #...         99%         1    ##.....
 Summon Small Mammal      Summ           #...         99%         1    ##.....
 Frozen Ramparts          Ice            #.....       100%        3    ####...
 Ozocubu's Armour         Chrm/Ice       #.......     100%        3    ####...
 Hailstorm                Conj/Ice       #.......     100%        4    #####..
 Summon Ice Beast         Ice/Summ       #.......     100%        4    #####..
 Bolt of Magma            Conj/Fire/Erth #.........   100%        5    ######.
 Iskenderun's Battlesphe  Conj/Chrm      #.......     100%        5    ######.
 Iron Shot                Conj/Erth      #.........   100%        6    #######
 Orb of Destruction       Conj           #.........   100%        7    #######
 Spellforged Servitor     Conj/Summ      #.........   100%        7    #######


Dungeon Overview and Level Annotations

Branches:
Dungeon (9/15)             Temple (0/1) D:7            Lair (4/6) D:8
 Shoals (0/4) Lair:3        Snake (0/4) Lair:4
    Orc: D:9-12

Altars:
Cheibriados
Elyvilon
Fedhas
Gozag
Hepliaklqana
Makhleb
Nemelex Xobeh
Okawaru
Ru
Xom

Annotations:
D:7 2 runed translucent doors, Crazy Yiuf; lake5's ghost, novice GrEE
Lair:2 1 runed translucent door, KittyFluff's ghost, journeyman DrBe


Message History

The entropy weaver hits you! x2
* * * LOW HITPOINT WARNING * * *
You block the entropy weaver's attack. x2
The crocodile bites the entropy weaver!
The entropy weaver gestures wildly while chanting.
The entropic weave corrodes you!
The crocodile bites the entropy weaver!
The crocodile bites something.
The entropy weaver hits you!
* * * LOW HITPOINT WARNING * * *
The entropy weaver hits you.
* * * LOW HITPOINT WARNING * * *
You block the entropy weaver's attack. The entropy weaver hits you!
* * * LOW HITPOINT WARNING * * *
You see here 15 arrows.
Okay, then.
The entropy weaver hits you!
* * * LOW HITPOINT WARNING * * *
The entropy weaver hits you!
You die...
Your body glows with a rainbow of weird colours and disappears.

...### .....###
.......###
.........#
.......P.##
.....##...#
...##.#P..##########
...#
###..#P..#.#.P##
..## #........@a..##
...# #####...#..P(.#
..# ##.#####.## .#
### #.# ## #.# #
##### #.# #
#.#P######.# #
#......t.t.# #
#..###.#P#.#


You could see an entropy weaver.

Vanquished Creatures
  An entropy weaver (Lair:4)
  A hydra (Lair:3)
  A queen ant (Lair:4)
  3 elephants (Lair:3)
  Maurice (D:9)
  Joseph (D:7)
  4 black mambas
  3 spiny frogs
  A rime drake (Lair:4)
  A troll (D:9)
  2 hippogriffs
  5 blink frogs (Lair:2)
  A spriggan (Lair:2)
  A wyvern (D:9)
  12 yaks
  Menkaure (D:6)
  12 soldier ants (Lair:4)
  5 porcupines
  5 orc warriors
  2 phantoms
  5 ice beasts
  2 sky beasts
  A black bear (D:7)
  3 necrophages (D:6)
  4 centaurs
  2 ogres
  2 wolves (Lair:3)
  12 crocodiles
  A big kobold (D:7)
  9 bullfrogs
  A scorpion (D:9)
  8 wights
  2 electric eels (Lair:3)
  A howler monkey (D:5)
  3 bullfrog zombies
  A crimson imp (D:8)
  3 hounds
  2 quasits
  2 jellies (D:6)
  3 orc priests
  4 orc wizards
  2 bullfrog skeletons
  4 iguanas
  23 worker ants
  7 adders
  3 oozes
  An adder zombie (D:6)
  3 worms
  A leopard gecko (D:4)
  39 orcs
  9 bats
  5 giant cockroaches
  2 goblins (D:1)
  4 hobgoblins
  16 jackals
  2 quokkas (D:6)
  4 ball pythons
  4 frilled lizards
  2 jackal zombies
  11 kobolds
  A leopard gecko zombie (D:5)
  5 rats
  2 bushes (D:6)
  A fungus (D:8)
  2 plants (Lair:4)
287 creatures vanquished.

Vanquished Creatures (collateral kills)
  Gastronok (Lair:3)
  A fire dragon (Lair:2)
  Pikel (D:7)
  Maggie (D:8)
  A meliai (Lair:2)
  A soldier ant (Lair:4)
  A scorpion (D:9)
  A wight (D:9)
  3 worker ants (Lair:4)
11 creatures vanquished.

Vanquished Creatures (others)
  A kobold (D:7)
  A fungus (Lair:4)
  6 plants (D:6)
8 creatures vanquished.

Grand Total: 306 creatures vanquished

Notes
Turn   | Place    | Note
-------+----------+-------------------------------------------
     0 | D:1      | Arex the Hill Orc Fighter began the quest for the Orb.
     0 | D:1      | Reached XP level 1. HP: 19/19 MP: 1/1
   253 | D:1      | Reached XP level 2. HP: 27/27 MP: 2/2
  1225 | D:2      | Reached XP level 3. HP: 33/33 MP: 3/3
  1818 | D:3      | Reached XP level 4. HP: 40/40 MP: 4/4
  2345 | D:3      | Found a sparkling altar of Nemelex Xobeh.
  2408 | D:3      | Reached XP level 5. HP: 29/47 MP: 5/5
  2554 | D:3      | Became a worshipper of Nemelex Xobeh the Trickster
  2609 | D:3      | Received a gift from Nemelex Xobeh
  3363 | D:4      | Reached skill level 1 in Invocations
  3385 | D:4      | Noticed a phantom
  3397 | D:4      | Killed a phantom
  3397 | D:4      | Reached skill level 5 in Fighting
  3397 | D:4      | Reached XP level 6. HP: 47/56 MP: 5/7
  3680 | D:4      | Found a sacrificial altar of Ru.
  3748 | D:5      | Entered Level 5 of the Dungeon
  3790 | D:5      | Found a hazy altar of Hepliaklqana.
  3856 | D:5      | Reached skill level 5 in Axes
  3856 | D:5      | Reached skill level 5 in Shields
  3856 | D:5      | Reached XP level 7. HP: 55/61 MP: 8/8
  4053 | D:5      | Reached skill level 5 in Armour
  4137 | D:5      | Reached * piety under Nemelex Xobeh
  4429 | D:5      | Found a shimmering altar of Xom.
  4709 | D:6      | Identified the +0 hand axe "Vufanwag" {drain, *Contam *Slow
                  | rC+ rN+++ Str+2}
  4819 | D:6      | Noticed Menkaure
  4833 | D:5      | Reached XP level 8. HP: 57/70 MP: 7/10
  4848 | D:6      | Killed Menkaure
  5196 | D:6      | Received a gift from Nemelex Xobeh
  5229 | D:6      | Found an iron altar of Okawaru.
  5543 | D:6      | Found a blossoming altar of Fedhas.
  5661 | D:6      | Reached skill level 5 in Invocations
  5805 | D:6      | Reached XP level 9. HP: 71/77 MP: 10/13
  5943 | D:7      | Found a snail-covered altar of Cheibriados.
  5943 | D:7      | Found a white marble altar of Elyvilon.
  5943 | D:7      | Found a burning altar of Makhleb.
  5943 | D:7      | Found an opulent altar of Gozag.
  6101 | D:7      | Found a runed translucent door.
  6101 | D:7      | Noticed lake5's ghost (novice GrEE)
  6110 | D:7      | Reached ** piety under Nemelex Xobeh
  6226 | D:7      | Found a staircase to the Ecumenical Temple.
  6233 | D:7      | Noticed Joseph
  6248 | D:7      | Killed Joseph
  6603 | D:7      | Found a runed translucent door.
  6604 | D:7      | Noticed Crazy Yiuf
  6748 | D:7      | Noticed Pikel
  6766 | D:7      | Paralysed by Pikel for 5 turns
  6780 | D:7      | Killed Pikel
  6951 | D:8      | Received a gift from Nemelex Xobeh
  7140 | D:8      | Reached XP level 10. HP: 78/88 MP: 13/15
  7673 | D:8      | Received a gift from Nemelex Xobeh
  7719 | D:8      | Noticed Maggie
  7728 | D:8      | Killed Maggie
  8067 | D:8      | Found a staircase to the Lair.
  8154 | D:9      | Received a gift from Nemelex Xobeh
  8154 | D:9      | Reached *** piety under Nemelex Xobeh
  9281 | D:9      | Received a gift from Nemelex Xobeh
  9304 | D:9      | Identified the -2 hand axe "Etrub" {vorpal, *Rage *Noise
                  | rElec rPois}
  9483 | D:9      | Noticed Maurice
  9492 | D:9      | Killed Maurice
  9762 | D:9      | Received a gift from Nemelex Xobeh
  9976 | Lair:1   | Entered Level 1 of the Lair of Beasts
  9982 | Lair:1   | Reached skill level 10 in Axes
  9988 | Lair:1   | Reached XP level 11. HP: 71/97 MP: 12/17
 10652 | Lair:2   | Received a gift from Nemelex Xobeh
 10654 | Lair:2   | Noticed a six-headed hydra
 10667 | Lair:2   | Noticed a fire dragon
 10667 | Lair:2   | a nine-headed hydra changed into a fire dragon
 10676 | Lair:2   | Killed a fire dragon
 10676 | Lair:2   | Reached skill level 10 in Fighting
 11422 | Lair:2   | Received a gift from Nemelex Xobeh
 11712 | Lair:2   | Found a runed translucent door.
 11714 | Lair:2   | Found a shimmering altar of Xom.
 11714 | Lair:2   | Noticed KittyFluff's ghost (journeyman DrBe)
 11714 | Lair:2   | Noticed a +1 war axe of chaos
 11962 | Lair:2   | Reached **** piety under Nemelex Xobeh
 12407 | Lair:2   | Reached skill level 1 in Evocations
 12567 | Lair:3   | Reached skill level 1 in Dodging
 12667 | Lair:3   | Reached skill level 10 in Invocations
 12678 | Lair:3   | Noticed a six-headed hydra
 12683 | Lair:3   | Killed a six-headed hydra
 12822 | Lair:3   | Noticed Gastronok
 12828 | Lair:3   | Killed Gastronok
 12878 | Lair:3   | Received a gift from Nemelex Xobeh
 13330 | Lair:3   | Found a staircase to the Shoals.
 13403 | Lair:3   | Reached XP level 12. HP: 99/108 MP: 16/19
 13410 | Lair:3   | Reached skill level 10 in Shields
 13430 | Lair:3   | Reached skill level 10 in Armour
 13837 | Lair:4   | Found a staircase to the Snake Pit.
 13976 | Lair:4   | Received a gift from Nemelex Xobeh
 14186 | Lair:4   | Noticed a queen ant
 14190 | Lair:4   | Noticed an entropy weaver
 14198 | Lair:4   | Killed an entropy weaver
 14198 | Lair:4   | Noticed an entropy weaver
 14212 | Lair:4   | Killed a queen ant
 14287 | Lair:4   | Slain by an entropy weaver

Illustrated notes

Levels and vault maps discovered:
D:1:      lightli_arrival_farm, layout_loops_corners, item_on_display_a
D:2:      layout_rooms, first_ration
D:3:      layout_loops_corners, nemelex_xobeh_ov_fountains_minmay
D:4:      layout_rooms, nicolae_ru_path_of_blood
D:5:      layout_basic, kennysheep_mini, nicolae_overflow_hidden_temple
D:6:      layout_rooms, fedhas_altar_decomposition, okawaru_trees_1,
          uniq_menkaure
D:7:      layout_basic, grunt_temple_overflow_open, minmay_temple_entry_tees,
          hellmonk_ghost_happy_afterlife, uniq_crazy_yiuf_cottage, uniq_pikel,
          uniq_joseph
D:8:      layout_basic, grunt_lair_entry_orc_guard_hut, uniq_maggie
D:9:      layout_long_grid, special_room [special_room_orc], uniq_maurice
Lair:1:   layout_misc_corridors
Lair:2:   layout_cave_pods, ebering_ghost_xom
Lair:3:   layout_gridlike, elwin_shoals_entry_rooms, beast_lair_carwin_6,
          grunt_megastairs_4, uniq_gastronok
Lair:4:   layout_loops_ring, dummy_snake_entry, zaba_antful_of_joy

Skill      XL: |  1  2  3  4  5  6  7  8  9 10 11 12 |
---------------+-------------------------------------+-----
Axes           | 3 4 5 7 8 10 11 | 11.9
Fighting       | 4 5 6 7 8 9 10 11 | 11.4
Shields        | 4 5 6 7 8 9 10 | 10.5
Armour         | 4 5 6 7 8 9 10 | 10.5
Invocations    | 1 2 3 5 7 9 10 | 10.7
Evocations     | 2 |  2.7
Dodging        | 2 3 |  3.5

Action                   |  1- 3 |  4- 6 |  7- 9 | 10-12 || total
-------------------------+-------+-------+-------+-------++-------
Melee: War axe           |    99 |   165 |   282 |   360 ||   906
       Broad axe         |       |       |       |   167 ||   167
Invok: Draw Destruction  |       |     2 |    11 |    23 ||    36
       Draw Summoning    |       |       |     2 |     7 ||     9
       Draw Escape       |       |       |     1 |     1 ||     2
       Triple Draw       |       |       |       |     2 ||     2
Evoke: Wand              |       |       |       |    10 ||    10
  Use: Scroll            |       |     7 |     4 |    15 ||    26
       Potion            |       |       |       |     1 ||     1
 Stab: Distracted        |       |       |       |     1 ||     1
  Eat: Chunk             |     3 |     7 |     7 |    16 ||    33
       Ration            |       |       |     1 |     2 ||     3
Armor: Scale mail        |    26 |       |       |       ||    26
       Plate armour      |    34 |   132 |   162 |   241 ||   569
Dodge: Dodged            |    28 |    21 |    60 |   123 ||   232
Block: Kite shield       |    46 |    61 |   162 |   326 ||   595
